 Dungeon Crawl Stone Soup version 0.23.2 (webtiles) character file.

Game seed: 3609191714591698548

6967 teukkam the Spear-Bearer (level 10, 0/78 HPs)
             Began as a Minotaur Fighter on Apr 10, 2019.
             Was an Elder of Kikubaaqudgha.
             Slain by a porcupine (5 damage)
             ... on level 5 of the Lair of Beasts.
             The game lasted 00:42:08 (9517 turns).

teukkam the Spear-Bearer (Minotaur Fighter)         Turns: 9517, Time: 00:42:08

Health: 0/78       AC:  4    Str: 20 (23) XL:     10   Next: 81%
Magic:  0/18       EV: 11    Int: 12      God:    Kikubaaqudgha [****..]
Gold:   248        SH: 10    Dex: 10      Spells: 18/21 levels left

rFire    . . .     SeeInvis .   a - +2 rapier (holy)
rCold    + + .     Gourm    .   U - +3 buckler of Insecurity {rElec rC+ Int+6 Stlth-}
rNeg     . . .     Faith    .   r - +0 leather armour
rPois    .         Spirit   +   (helmet restricted)
rElec    +         Reflect  +   z - scarf {Spirit}
rCorr    .         Harm     .   (no gloves)
MR       .....                  E - +0 pair of boots
Stlth    +++.......             L - +3 amulet of reflection
HPRegen  0.23/turn              Q - ring of Coronation {rC+ Stlth+}
MPRegen  0.16/turn              y - ring of stealth

@: no status effects
A: retaliatory headbutt, horns 2
a: Receive Corpses, Renounce Religion


You were on level 5 of the Lair of Beasts.
You worshipped Kikubaaqudgha.
Kikubaaqudgha was greatly pleased with you.
You were hungry.

You visited 2 branches of the dungeon, and saw 15 of its levels.
You also visited: Volcano.

You collected 459 gold pieces.
You spent 211 gold pieces at shops.

Inventory:

Hand Weapons
 a - a +2 rapier of holy wrath (weapon)
 b - a +0 hunting sling
 c - a +4 quarterstaff of chaos
 d - a +0 war axe
 C - a +1 flail of holy wrath
 F - a +2 lajatang of flaming
 H - a +2 glaive of protection
 I - a +0 whip of flaming
 J - a +0 hand crossbow
 O - a +0 shortbow of flaming
 R - a +0 glaive
 T - a +2 glaive of chopping
Missiles
 l - 105 sling bullets
 m - 271 stones (quivered)
 q - 2 throwing nets
 w - 60 poisoned needles
 X - 29 arrows
Armour
 r - a +0 leather armour (worn)
 z - a scarf of spirit shield (worn)
 E - a +0 pair of boots (worn)
 U - the +3 buckler of Insecurity (worn) {rElec rC+ Int+6 Stlth-}
   (You found it on level 9 of the Dungeon)

   It affects your intelligence (+6).
   It protects you from cold.
   It insulates you from electricity.
   It makes you less stealthy.
 Y - a +0 ring mail of fire resistance
Magical Staves
 g - an uncursed staff of power
Jewellery
 u - an uncursed ring of flight
 x - an uncursed ring of positive energy
 y - a ring of stealth (right hand)
 L - a +3 amulet of reflection (around neck)
 Q - the ring of Coronation (left hand) {rC+ Stlth+}
   (You found it on level 6 of the Dungeon)

   [ring of stealth]

   It protects you from cold.
   It makes you more stealthy.
Wands
 A - a wand of digging (6)
 K - a wand of polymorph (1)
 N - a wand of flame (12)
Scrolls
 e - 4 scrolls of remove curse
 i - 2 scrolls of random uselessness
 j - a scroll of magic mapping
 p - 10 scrolls of identify
 V - a scroll of silence {unknown}
 W - a scroll of amnesia {unknown}
Potions
 h - 4 potions of curing
 o - a potion of lignification
 s - 3 potions of agility
 t - 2 potions of flight {unknown}
 v - 2 potions of brilliance {unknown}
 D - 4 potions of berserk rage {unknown}
 G - 2 potions of ambrosia {unknown}
 P - 3 potions of haste {unknown}
 S - 2 potions of might
Comestibles
 f - 13 rations


   Skills:
 - Level 4.1 Fighting
 + Level 4.1 Short Blades
 - Level 3.0(6.1) Axes
 - Level 8.2(8.7) Polearms
 + Level 2.3(5.7) Staves
 - Level 4.1 Armour
 - Level 4.8 Stealth
 - Level 4.1 Shields
 - Level 6.0 Spellcasting
 + Level 7.3 Necromancy


You had 18 spell levels left.
You knew the following spells:

 Your Spells              Type           Power        Failure   Level  Hunger
a - Pain                  Necr           ###.         1%          1    None
b - Corpse Rot            Necr           N/A          1%          2    ##.....

Your spell library contained the following spells:

 Spells                   Type           Power        Failure   Level  Hunger
 Sublimation of Blood     Necr           ###.......   1%          2    ##.....
 Vampiric Draining        Necr           ###.......   3%          3    ###....
 Animate Dead             Necr           N/A          10%         4    ####...
 Agony                    Necr           ###.....     28%         5    ######.
 Dispel Undead            Necr           ###.....     28%         5    ######.
 Bolt of Draining         Conj/Necr      ##........   77%         5    ######.
 Borgnjor's Vile Clutch   Necr/Erth      ##........   77%         5    ######.


Dungeon Overview and Level Annotations

Branches:
Dungeon (10/15)            Temple (0/1) D:7            Lair (5/6) D:8
  Swamp: Lair:2-4    Shoals: Lair:2-4     Snake: Lair:2-4    Spider: Lair:2-4
  Slime: Lair:5-6       Orc: D:9-12

Altars:
Kikubaaqudgha
Yredelemnul
Zin
The Shining One

Shops:
D:7 *

Annotations:
D:9 1 runed translucent door, shugdite's ghost, novice MiFi
Lair:3 Gastronok


Innate Abilities, Weirdness & Mutations

You reflexively headbutt those who attack you in melee.
You have a pair of horns on your head.


Message History

You feel better. You block the wolf's attack. You block the porcupine's attack.
You block the wolf's attack. The porcupine barely misses you.
You furiously retaliate!
You headbutt the porcupine.
You are feeling hungry.
You closely miss the wolf.
The wolf is heavily wounded.
The wolf bites you!
* * * LOW HITPOINT WARNING * * *
The porcupine bites you but does no damage.
The wolf bites you!
* * * LOW HITPOINT WARNING * * *
You block the wolf's attack.
You feel better. The wolf bites you!
* * * LOW HITPOINT WARNING * * *
The porcupine misses you. The wolf bites you but does no damage.
The wolf bites you!
* * * LOW HITPOINT WARNING * * *
The porcupine bites you.
You die...
Kikubaaqudgha rasps: "You have failed me!
Welcome... death!"

.# .##
..#. ##...
##..#
#...##
##....#
####...#.#
###§@....#
#
#§§hr.$###
#P§§####
#§§§##
#..#. #.#
# #.# ##


You could see a wolf and a porcupine.

Vanquished Creatures
  A two-headed ogre (D:9)
  Pikel (D:5)
  An ugly thing (D:9)
  A spiny frog (Lair:4)
  Grinder (D:3)
  A basilisk (Lair:3)
  Edmund (D:5)
  4 porcupines
  4 orc warriors
  3 ice beasts
  A sky beast (D:6)
  A black bear (D:9)
  An eye of draining (D:9)
  11 ogres
  5 wolves (Lair:1)
  5 centaurs
  Blork the orc (D:5)
  3 bullfrogs
  A wyvern zombie (D:8)
  A wyvern skeleton (D:6)
  2 scorpions
  A centaur zombie (D:7)
  A howler monkey (D:6)
  2 crimson imps (D:6)
  2 jellies
  A centaur skeleton (D:8)
  Crazy Yiuf (D:7)
  3 orc priests
  3 gnoll shamans (D:8)
  5 orc wizards
  3 iguanas
  Jessica (D:2)
  Ijyb (D:5)
  6 worker ants
  2 hound zombies (D:7)
  A hound skeleton (D:3)
  A worker ant zombie (D:5)
  12 gnolls
  8 adders
  A shadow imp (D:7)
  3 adder zombies
  An adder skeleton (D:9)
  4 worms
  2 dart slugs (D:1)
  3 leopard geckos
  12 orcs
  7 bats
  2 giant cockroaches
  5 goblins
  4 hobgoblins
  7 jackals
  3 quokkas
  3 ball pythons
  3 frilled lizards
  A giant cockroach zombie (D:6)
  8 kobolds
  A leopard gecko skeleton (D:4)
  5 rats
  3 fungi (D:8)
182 creatures vanquished.

Vanquished Creatures (others)
  A slave (D:5)
  A wolf (Lair:1)
  A howler monkey (D:5)
  3 fungi
  2 plants (Lair:1)
  4 toadstools (D:1)
12 creatures vanquished.

Grand Total: 194 creatures vanquished

Notes
Turn   | Place    | Note
-------+----------+-------------------------------------------
     0 | D:1      | teukkam the Minotaur Fighter began the quest for the Orb.
     0 | D:1      | Reached XP level 1. HP: 19/19 MP: 0/0
   196 | D:1      | Reached XP level 2. HP: 24/27 MP: 1/1
   263 | D:2      | Found a faded altar of an unknown god.
   264 | D:2      | Noticed Jessica
   275 | D:2      | Killed Jessica
   275 | D:2      | Reached XP level 3. HP: 23/33 MP: 2/2
   281 | D:2      | Became a worshipper of Kikubaaqudgha
   281 | D:2      | Reached * piety under Kikubaaqudgha
   281 | D:2      | Identified Kikubaaqudgha's Collected Works on Black Rituals
                  | (Kikubaaqudgha gifted it to you on level 2 of the Dungeon)
   281 | D:2      | Received a gift from Kikubaaqudgha
  1439 | D:2      | Reached XP level 4. HP: 28/40 MP: 4/4
  1658 | D:3      | Reached skill level 1 in Necromancy
  1703 | D:3      | Noticed Grinder
  1712 | D:3      | Killed Grinder
  1712 | D:3      | Reached ** piety under Kikubaaqudgha
  1712 | D:3      | Reached XP level 5. HP: 44/46 MP: 4/7
  1712 | D:3      | Reached XP level 6. HP: 50/52 MP: 4/8
  1905 | D:3      | Found a basalt altar of Yredelemnul.
  2070 | D:3      | Noticed an ice beast
  2077 | D:3      | Killed an ice beast
  2731 | D:4      | Reached XP level 7. HP: 59/59 MP: 10/10
  2787 | D:4      | Noticed Edmund
  2796 | D:5      | Entered Level 5 of the Dungeon
  2808 | D:5      | Killed Edmund
  2874 | D:5      | Noticed Ijyb
  2886 | D:5      | Killed Ijyb
  3075 | D:5      | Reached skill level 1 in Polearms
  3090 | D:5      | Noticed Pikel
  3101 | D:5      | Killed Pikel
  3101 | D:5      | Reached *** piety under Kikubaaqudgha
  3101 | D:5      | Identified Kikubaaqudgha's Disquisition on Unholy Magic
                  | (Kikubaaqudgha gifted it to you on level 5 of the Dungeon)
  3101 | D:5      | Received a gift from Kikubaaqudgha
  3101 | D:5      | Reached skill level 3 in Polearms
  3101 | D:5      | Reached XP level 8. HP: 30/66 MP: 6/13
  3271 | D:5      | Noticed Blork the orc
  3282 | D:5      | Found a glowing silver altar of Zin.
  3316 | D:5      | Killed Blork the orc
  3435 | D:5      | Learned a level 1 spell: Pain
  3467 | D:5      | Reached skill level 4 in Polearms
  4016 | D:6      | Learned a level 2 spell: Corpse Rot
  4134 | D:6      | Reached skill level 5 in Necromancy
  4497 | D:6      | Reached skill level 5 in Polearms
  4535 | D:6      | Got a crude platinum ring
  4541 | D:6      | Identified the ring of Coronation {rC+ Stlth+} (You found
                  | it on level 6 of the Dungeon)
  4563 | D:6      | Reached skill level 1 in Stealth
  4706 | D:6      | Reached XP level 9. HP: 69/71 MP: 12/15
  5051 | D:7      | Found a staircase to the Ecumenical Temple.
  5493 | D:7      | Found Xajygg's General Store.
  5547 | D:7      | Reached skill level 6 in Polearms
  5547 | D:7      | Reached skill level 5 in Spellcasting
  5632 | D:7      | Found a runed translucent door.
  5633 | D:7      | Noticed Crazy Yiuf
  5639 | D:7      | Killed Crazy Yiuf
  5964 | D:8      | Reached **** piety under Kikubaaqudgha
  6496 | D:8      | Reached skill level 7 in Polearms
  6893 | D:8      | Found a staircase to the Lair.
  6975 | D:9      | Noticed a two-headed ogre
  7013 | D:9      | Noticed a white ugly thing
  7023 | D:9      | Killed a white ugly thing
  7023 | D:9      | Reached XP level 10. HP: 44/78 MP: 7/17
  7179 | D:10     | Entered Level 10 of the Dungeon
  7261 | D:9      | Found a runed translucent door.
  7261 | D:9      | Noticed shugdite's ghost (novice MiFi)
  7340 | D:9      | Got a spiked buckler
  7352 | D:9      | Identified the +3 buckler of Insecurity {rElec rC+ Int+6
                  | Stlth-} (You found it on level 9 of the Dungeon)
  7759 | D:9      | Killed a two-headed ogre
  7759 | D:9      | Reached skill level 8 in Polearms
  8161 | D:7      | Bought a +2 rapier of holy wrath for 211 gold pieces
  8323 | D:8      | Reached skill level 1 in Short Blades
  8354 | D:8      | Found a glowing golden altar of the Shining One.
  8491 | Lair:1   | Entered Level 1 of the Lair of Beasts
  8815 | Lair:1   | Reached ***** piety under Kikubaaqudgha
  8846 | Lair:1   | Found a dark tunnel.
  8945 | Volcano  | Entered a volcano
  9017 | Volcano  | Noticed a hell knight
  9195 | Lair:3   | Reached skill level 1 in Staves
  9228 | Lair:3   | Noticed Gastronok
  9234 | Lair:3   | Noticed a black mamba
  9480 | Lair:4   | Noticed a spiny frog
  9495 | Lair:4   | Killed a spiny frog
  9517 | Lair:5   | Slain by a porcupine

Skill      XL: |  1  2  3  4  5  6  7  8  9 10 |
---------------+-------------------------------+-----
Fighting       | 4 |  4.1
Axes           | 3 |  3.0
Armour         | 4 |  4.1
Shields        | 4 |  4.1
Necromancy     | 2 3 4 5 6 7 |  7.3
Spellcasting   | 2 3 4 5 6 |  6.0
Polearms       | 3 5 7 8 |  8.2
Stealth        | 1 4 |  4.8
Short Blades   | 4 |  4.1
Staves         | 2 |  2.3

Action                   |  1- 3 |  4- 6 |  7- 9 | 10-12 || total
-------------------------+-------+-------+-------+-------++-------
Melee: War axe           |    85 |    74 |    64 |    48 ||   271
       Headbutt          |     8 |    19 |    41 |    21 ||    89
       Glaive            |       |       |   176 |    11 ||   187
       Rapier            |       |       |       |    63 ||    63
 Fire: Hunting sling     |       |       |     3 |     6 ||     9
 Cast: Pain              |       |       |    17 |    18 ||    35
       Corpse Rot        |       |       |     8 |     6 ||    14
Evoke: Wand              |       |       |     7 |    10 ||    17
  Use: Potion            |     1 |     1 |     4 |    14 ||    20
       Scroll            |     1 |       |     7 |     7 ||    15
 Stab: Sleeping          |       |       |    16 |     7 ||    23
  Eat: Ration            |     1 |       |     3 |     2 ||     6
       Chunk             |       |     2 |     5 |     1 ||     8
Armor: Scale mail        |    56 |     3 |       |       ||    59
       Chain mail        |       |    41 |    42 |       ||    83
       Leather armour    |       |       |    43 |    17 ||    60
       Skin              |       |       |       |    16 ||    16
Dodge: Dodged            |    29 |    12 |   103 |    50 ||   194
Block: Shield            |    55 |    30 |    24 |       ||   109
       Other             |       |       |    13 |     1 ||    14
       Buckler           |       |       |       |    96 ||    96
       Reflection        |       |       |       |     3 ||     3
